AoeStats
← Outsider

Arabia

506412336Analyzed
1v1 RM · 20d ago on Sep 13, 2026· 53m 59s· 2 players
Game mode
Random Map
Map size
Tiny (2 player)
Population
200
Speed
Normal
Resources
Standard
Victory
Conquest
Starting age
Dark Age
Ending age
Imperial Age
RankedLock teamsTeams togetherTeam positionsShared explorationLock speedFull tech treeHidden civsTurbo modeCheats
Victory
Defeat
🇬🇧 Teutons · United Kingdom
887
+17
🇦🇺 Franks · Australia
908
-22
TheQuietRiot
7:00 Loom
7:49 Loom
10:07 Feudal Age
15:08 Double-Bit Axe
19:10 Horse Collar
26:04 Gold Mining
30:58 Castle Age
29:59 Fletching
31:28 Forging
32:44 Pikeman
33:24 Squires
38:31 Bloodlines
39:28 Wheelbarrow
40:09 Iron Casting
39:42 Scale Barding Armor
39:54 Bow Saw
41:30 Stone Mining
43:39 Chain Barding Armor
43:57 Town Watch
44:42 Heavy Plow
45:42 Stone Shaft Mining
46:31 Hand Cart
47:40 Gambesons
47:42 Arson
50:34 Ballistics
50:53 Town Patrol
51:19 Ironclad
53:47 Imperial Age
52:21 Bodkin Arrow
52:26 Padded Archer Armor
52:57 Masonry
55:34 Chemistry
Outsider
6:35 Loom
10:08 Feudal Age
9:02 Loom
19:17 Man-at-Arms
21:28 Forging
27:14 Castle Age
27:09 Double-Bit Axe
28:33 Scale Mail Armor
29:46 Scale Barding Armor
32:44 Chain Barding Armor
33:06 Husbandry
41:40 Pikeman
43:11 Squires
43:26 Gambesons
46:28 Iron Casting
45:55 Scale Mail Armor
51:38 Fervor
52:53 Wheelbarrow
52:31 Gold Mining
Connection lost

Rejoining the realm…

Still unreachable

The connection could not be restored.

Session expired

The server has moved on; the page needs a fresh start.